Demolitions vs Blackdemons
Created - 28 janvier 2013 at 19:00
Goals
|
| Demolitions |
0 |
1 |
2 |
3 |
| Blackdemons |
4 |
1 |
3 |
8 |
|
Shots
|
| Demolitions |
14 |
13 |
11 |
38 |
| Blackdemons |
11 |
9 |
16 |
36 |
|
1st period
1. Blackdemons , Sam Gagner 8 (James Neal, Nikita Nikitin) at 1:32
2. Blackdemons , Curtis Brown 10 (Enver Lisin, Matt Moulson) at 12:49
3. Blackdemons , Matt Moulson 17 (Michael Peca) at 12:55
4. Blackdemons , Trevor Letowski 10 (Todd Fedoruk, Jakub Kindl) at 18:49
Penalties :
Dennis Seidenberg (Vic) for Roughing (Minor) at 13:50, Peter Harrold (MJM) for Fighting (Major) at 19:00, Anton Babchuk (Vic) for Fighting (Major) at 19:00, Mathieu Biron (MJM) for Hooking (Minor) at 19:21, Petr Vrana (Vic) for Roughing (Minor) at 19:21
2nd period
5. Demolitions , Brandon Bochenski 12 (Janne Niskala, James Sheppard) at 3:19
6. Blackdemons , Michael Peca 8 (Matt Moulson, Tomas Kopecky) at 19:34
Penalties :
No Penalty
3rd period
7. Blackdemons , Sam Gagner 9 (James Neal, Mike Duco) at 5:38
8. Blackdemons , Tomas Kopecky 12 (Bobby Sanguinetti, Matt Moulson) at 9:29
9. Blackdemons , Radoslav Suchy 3 (Michael Peca, Matt Moulson) at 11:19 (PP)
10. Demolitions , Jeremy Williams 14 (Petr Vrana, Robert Klinkhammer) at 14:34
11. Demolitions , Nikolai Zherdev 6 (Brad Richardson) at 19:30
Penalties :
Radoslav Suchy (MJM) for Fighting (Major) at 2:32, Anton Babchuk (Vic) for Fighting (Major) at 2:32, Nikolai Zherdev (Vic) for Holding (Minor) at 9:34, Mathieu Biron (MJM) for Fighting (Major) at 14:35, Marco Sturm (Vic) for Fighting (Major) at 14:35, Nikita Nikitin (MJM) for Hooking (Minor) at 16:34
Goalie Stats
Antero Niittymaki (Vic), 6 saves from 10 shots - (0,600), L, 7-9-2, 18:49 minutes
Sergei Bobrovsky (Vic), 22 saves from 26 shots - (0,846), 41:11 minutes
Michal Neuvirth (MJM), 35 saves from 38 shots - (0,921), W, 10-6-2, 60:00 minutes
Players Stats for Demolitions
Player Name G A P +/- PIM S H SB GA TA FO MP PP MP PK MP
------------------------------------------------------------------------------------
Andy Rogers 0 0 0 -1 0 3 1 1 0 1 0/0 18:39 0:39 1:44
Anthony Stewart 0 0 0 0 0 3 0 0 2 1 0/0 14:00 0:55 0:00
Anton Babchuk 0 0 0 -1 10 1 1 1 1 1 0/0 15:32 0:39 1:44
Brad Richardson 0 1 1 -1 0 2 3 0 1 0 16/31 19:22 1:05 0:55
Brandon Bochenski 1 0 1 -1 0 1 0 0 1 0 0/0 11:07 0:31 0:00
Dennis Seidenberg 0 0 0 -4 2 4 2 2 0 1 0/0 24:28 1:20 0:34
James Sheppard 0 1 1 -1 0 0 1 1 1 0 2/6 10:36 0:00 0:00
Janne Niskala 0 1 1 -4 0 2 2 3 1 1 0/0 28:44 1:20 2:00
Jeremy Williams 1 0 1 -1 0 6 1 0 0 0 1/1 18:13 0:44 2:31
Josh Beaulieu 0 0 0 0 0 0 0 0 0 0 0/0 1:01 0:17 0:39
Marc-André Bernier 0 0 0 0 0 0 0 0 0 0 0/0 0:00 0:00 0:00
Marco Sturm 0 0 0 -2 5 0 1 2 0 1 0/0 16:29 0:00 0:34
Masi Marjamaki 0 0 0 -1 0 1 3 1 0 0 2/3 12:43 0:00 1:54
Nicolas Blanchard 0 0 0 -1 0 0 0 0 0 0 3/3 10:49 0:00 0:00
Nikolai Zherdev 1 0 1 -1 2 7 1 0 1 0 3/8 21:05 1:05 0:55
Petr Vrana 0 1 1 -1 2 2 0 1 0 0 0/0 14:04 0:40 0:00
Robert Bortuzzo 0 0 0 0 0 0 0 0 0 0 0/0 4:42 0:00 0:30
Robert Klinkhammer 0 1 1 -1 0 3 1 0 0 0 0/0 10:36 0:00 0:00
Ryan Craig 0 0 0 -1 0 1 1 0 0 0 4/7 13:38 0:40 0:00
Taylor Chorney 0 0 0 1 0 1 0 0 0 1 0/0 14:50 0:00 0:00
Vladimir Mihalik 0 0 0 1 0 1 0 1 0 0 0/0 13:33 0:00 0:56
Players Stats for Blackdemons
Player Name G A P +/- PIM S H SB GA TA FO MP PP MP PK MP
------------------------------------------------------------------------------------
Ben Walter 0 0 0 0 0 0 0 0 0 0 0/0 0:19 0:00 0:11
Bobby Sanguinetti 0 1 1 2 0 0 0 0 0 0 0/0 7:45 0:00 0:18
Curtis Brown 1 0 1 0 0 3 3 1 0 0 9/15 16:44 1:14 0:19
David Fischer 0 0 0 2 0 0 0 0 0 1 0/0 6:14 0:00 0:00
Enver Lisin 0 1 1 0 0 4 2 0 0 0 0/0 16:04 1:14 0:00
Frazer Mclaren 0 0 0 0 0 0 0 0 0 0 0/0 0:00 0:00 0:00
Jakub Kindl 0 1 1 -1 0 1 2 0 0 0 0/0 18:35 1:32 0:55
James Neal 0 2 2 1 0 1 0 0 0 0 0/0 9:51 0:05 0:41
Karl Alzner 0 0 0 2 0 1 0 0 0 2 0/0 11:25 0:00 1:04
Mathieu Biron 0 0 0 1 7 1 0 3 0 1 0/0 21:39 2:12 0:00
Matt Moulson 1 4 5 3 0 2 1 0 0 1 4/8 22:50 2:25 0:59
Maxime Macenauer 0 0 0 0 0 0 0 0 0 0 0/0 0:00 0:00 0:00
Michael Peca 1 2 3 3 0 5 3 2 0 1 11/23 22:50 2:25 0:59
Mike Duco 0 1 1 1 0 0 0 0 0 0 0/1 7:56 0:00 0:00
Nikita Nikitin 0 1 1 2 2 0 0 1 1 0 0/0 14:33 0:00 0:00
Olivier Magnan 0 0 0 0 0 0 0 0 0 0 0/0 0:00 0:00 0:00
Peter Harrold 0 0 0 -1 5 0 0 0 0 0 0/0 17:12 1:32 0:37
Radoslav Suchy 1 0 1 1 5 1 1 2 1 1 0/0 23:07 2:12 1:04
Sam Gagner 2 0 2 1 0 4 0 0 0 0 0/2 7:56 0:00 0:00
Steve Konowalchuk 0 0 0 0 0 1 0 0 1 0 0/2 16:04 1:14 0:00
Steven Zalewski 0 0 0 0 0 0 0 0 0 0 0/0 0:00 0:00 0:00
Todd Fedoruk 0 1 1 0 0 4 1 0 0 0 1/1 11:41 0:05 0:00
Tomas Kopecky 1 1 2 3 0 3 0 1 3 0 1/3 21:09 2:25 0:19
Trevor Letowski 1 0 1 0 0 2 2 0 1 0 0/0 11:28 0:05 0:30
Zack Hamill 0 0 0 0 0 3 0 1 0 1 2/4 10:35 0:00 0:00
3 Stars
1 - Matt Moulson (MJM)
2 - Michael Peca (MJM)
3 - Tomas Kopecky (MJM)
Power Play
Demolitions - 0 on 1 Attempt(s) - 0,00%
Blackdemons - 1 on 2 Attempt(s) - 50,00%
Penalty Kill
Demolitions - 1 on 2 Attempt(s) - 50,00%
- Score 0 goal in Penalty Kill
Blackdemons - 1 on 1 Attempt(s) - 100,00%
- Score 0 goal in Penalty Kill
Official
Referees : L'Ecuyer Frederick and Furlatt Eric
Linesman : Don Henderson and Jean Morin
Game Notes
Sergei Bobrovsky enters game at 18:49 of 1st period
Peter Harrold and Anton Babchuk fight to a draw at 19:00 of 1st period
Radoslav Suchy beats up Anton Babchuk at 2:32 of 3rd period
Mathieu Biron and Marco Sturm fight to a draw at 14:35 of 3rd period
Demolitions
5 vs 5 Forward
Center Left Wing Right Wing Time % Phy DF OF
1 Brad Richardson Marco Sturm Nikolai Zherdev 40 1 2 2
2 Ryan Craig Petr Vrana Jeremy Williams 30 1 2 2
3 Nicolas Blanchard Masi Marjamaki Anthony Stewart 20 1 2 2
4 James Sheppard Robert Klinkhammer Brandon Bochenski 10 1 2 2
5 vs 5 Defense
Defense Defense Time % Phy DF OF
1 Janne Niskala Dennis Seidenberg 40 1 2 2
2 Andy Rogers Anton Babchuk 30 1 2 2
3 Taylor Chorney Vladimir Mihalik 20 1 2 2
4 Robert Bortuzzo Janne Niskala 10 1 2 2
PowerPlay Forward
Center Left Wing Right Wing Time % Phy DF OF
1 Brad Richardson Marco Sturm Nikolai Zherdev 60 1 2 2
2 Ryan Craig Petr Vrana Jeremy Williams 40 1 2 2
PowerPlay Defense
Defense Defense Time % Phy DF OF
1 Janne Niskala Dennis Seidenberg 60 1 2 2
2 Andy Rogers Anton Babchuk 40 1 2 2
Penalty Kill 4 Players Forward
Center Wing Time % Phy DF OF
1 Nikolai Zherdev Jeremy Williams 60 1 2 2
2 Brad Richardson Marco Sturm 40 1 2 2
Penalty Kill 4 Players Defense
Defense Defense Time % Phy DF OF
1 Janne Niskala Dennis Seidenberg 60 1 2 2
2 Andy Rogers Anton Babchuk 40 1 2 2
Penalty Kill - 3 Players Forward
Forward Time % Phy DF OF
1 Nikolai Zherdev 60 1 2 2
2 Jeremy Williams 40 1 2 2
Penalty Kill - 3 Players Defense
Defense Defense Time % Phy DF OF
1 Janne Niskala Dennis Seidenberg 60 1 2 2
2 Andy Rogers Anton Babchuk 40 1 2 2
4 vs 4 Forward
Center Wing Time % Phy DF OF
1 Nikolai Zherdev Jeremy Williams 60 1 2 2
2 Brad Richardson Marco Sturm 40 1 2 2
4 vs 4 Defense
Defense Defense Time % Phy DF OF
1 Janne Niskala Dennis Seidenberg 60 1 2 2
2 Andy Rogers Anton Babchuk 40 1 2 2
Last Minutes Offensive
Center Left Wing Right Wing Defense Defense
Brad Richardson Marco Sturm Nikolai Zherdev Janne Niskala Dennis Seidenberg
Last Minutes Defensive
Center Left Wing Right Wing Defense Defense
Brad Richardson Marco Sturm Nikolai Zherdev Janne Niskala Dennis Seidenberg
Goaltenders
Starting : Antero Niittymaki
Backup : Sergei Bobrovsky
Extra Forwards
Normal : Anthony Stewart, Brandon Bochenski, Masi Marjamaki - PP : Anthony Stewart, Brandon Bochenski - PK : Masi Marjamaki
Extra Defensemen
Normal : Taylor Chorney, Vladimir Mihalik, Robert Bortuzzo - PP : Taylor Chorney - PK : Vladimir Mihalik, Robert Bortuzzo
Penalty Shots
Nikolai Zherdev, Jeremy Williams, Brad Richardson, Marco Sturm, Anthony Stewart
Blackdemons
5 vs 5 Forward
Center Left Wing Right Wing Time % Phy DF OF
1 Michael Peca Matt Moulson Tomas Kopecky 40 1 2 2
2 Curtis Brown Steve Konowalchuk Enver Lisin 30 1 2 2
3 Zack Hamill Todd Fedoruk Trevor Letowski 20 1 2 2
4 Sam Gagner James Neal Mike Duco 10 1 2 2
5 vs 5 Defense
Defense Defense Time % Phy DF OF
1 Radoslav Suchy Mathieu Biron 40 1 2 2
2 Jakub Kindl Peter Harrold 30 1 2 2
3 Nikita Nikitin Karl Alzner 20 1 2 2
4 Bobby Sanguinetti David Fischer 10 1 2 2
PowerPlay Forward
Center Left Wing Right Wing Time % Phy DF OF
1 Michael Peca Matt Moulson Tomas Kopecky 60 1 2 2
2 Curtis Brown Steve Konowalchuk Enver Lisin 40 1 2 2
PowerPlay Defense
Defense Defense Time % Phy DF OF
1 Radoslav Suchy Mathieu Biron 60 1 2 2
2 Jakub Kindl Peter Harrold 40 1 2 2
Penalty Kill 4 Players Forward
Center Wing Time % Phy DF OF
1 Matt Moulson Michael Peca 60 1 2 2
2 Curtis Brown Tomas Kopecky 40 1 2 2
Penalty Kill 4 Players Defense
Defense Defense Time % Phy DF OF
1 Radoslav Suchy Mathieu Biron 60 1 2 2
2 Jakub Kindl Peter Harrold 40 1 2 2
Penalty Kill - 3 Players Forward
Forward Time % Phy DF OF
1 Matt Moulson 60 1 2 2
2 Michael Peca 40 1 2 2
Penalty Kill - 3 Players Defense
Defense Defense Time % Phy DF OF
1 Radoslav Suchy Mathieu Biron 60 1 2 2
2 Jakub Kindl Peter Harrold 40 1 2 2
4 vs 4 Forward
Center Wing Time % Phy DF OF
1 Matt Moulson Michael Peca 60 1 2 2
2 Curtis Brown Tomas Kopecky 40 1 2 2
4 vs 4 Defense
Defense Defense Time % Phy DF OF
1 Radoslav Suchy Mathieu Biron 60 1 2 2
2 Jakub Kindl Peter Harrold 40 1 2 2
Last Minutes Offensive
Center Left Wing Right Wing Defense Defense
Michael Peca Matt Moulson Tomas Kopecky Radoslav Suchy Mathieu Biron
Last Minutes Defensive
Center Left Wing Right Wing Defense Defense
Michael Peca Matt Moulson Tomas Kopecky Radoslav Suchy Mathieu Biron
Goaltenders
Starting : Michal Neuvirth
Backup : Jason LaBarbera
Extra Forwards
Normal : Todd Fedoruk, James Neal, Trevor Letowski - PP : Todd Fedoruk, James Neal - PK : Trevor Letowski
Extra Defensemen
Normal : Nikita Nikitin, Karl Alzner, Bobby Sanguinetti - PP : Nikita Nikitin - PK : Karl Alzner, Bobby Sanguinetti
Penalty Shots
Matt Moulson, Michael Peca, Curtis Brown, Tomas Kopecky, Steve Konowalchuk
% Time on Ice - Demolitions
Lines # - Real PCT - Wanted PCT - Time Play
Normal Forward
1 - 34% - 40% - 17:55
2 - 25% - 30% - 12:58
3 - 21% - 20% - 10:49
4 - 20% - 10% - 10:36
Normal Defense
1 - 39% - 40% - 20:30
2 - 30% - 30% - 15:36
3 - 24% - 20% - 12:37
4 - 7% - 10% - 3:35
PP Forward
1 - 66% - 60% - 1:19
2 - 34% - 40% - 0:40
PP Defense
1 - 67% - 60% - 1:20
2 - 33% - 40% - 0:39
PK Forward
1 - 85% - 60% - 3:10
2 - 15% - 40% - 0:34
PK Defense
1 - 54% - 60% - 2:00
2 - 46% - 40% - 1:44
PK3 Forward
1 - 0% - 60%
2 - 0% - 40%
PK3 Defense
1 - 0% - 60%
2 - 0% - 40%
44 Forward
1 - 79% - 60% - 1:34
2 - 21% - 40% - 0:25
44 Defense
1 - 79% - 60% - 1:34
2 - 21% - 40% - 0:25
Last Minute Offensive - 0:00
Last Minute Defensive - 0:00
Total
Forward - 60:00
Defense - 60:00
|
% Time on Ice - Blackdemons
Lines # - Real PCT - Wanted PCT - Time Play
Normal Forward
1 - 36% - 40% - 18:57
2 - 28% - 30% - 14:50
3 - 20% - 20% - 10:35
4 - 15% - 10% - 7:56
Normal Defense
1 - 40% - 40% - 21:08
2 - 30% - 30% - 15:31
3 - 18% - 20% - 9:25
4 - 12% - 10% - 6:14
PP Forward
1 - 67% - 60% - 2:30
2 - 33% - 40% - 1:14
PP Defense
1 - 59% - 60% - 2:12
2 - 41% - 40% - 1:32
PK Forward
1 - 84% - 60% - 1:40
2 - 16% - 40% - 0:19
PK Defense
1 - 69% - 60% - 1:22
2 - 31% - 40% - 0:37
PK3 Forward
1 - 0% - 60%
2 - 0% - 40%
PK3 Defense
1 - 0% - 60%
2 - 0% - 40%
44 Forward
1 - 82% - 60% - 1:38
2 - 18% - 40% - 0:21
44 Defense
1 - 76% - 60% - 1:30
2 - 24% - 40% - 0:29
Last Minute Offensive - 0:00
Last Minute Defensive - 0:00
Total
Forward - 60:00
Defense - 60:00
|
Play by Play
1st period
0:01 of 1st period - Michael Peca wins face-off versus Brad Richardson in neutral zone.
0:32 of 1st period - Wrist shot by Anthony Stewart.
0:32 of 1st period - Shot Misses the Net.
0:34 of 1st period - Slapshot by Andy Rogers.
0:34 of 1st period - Shot Misses the Net.
0:36 of 1st period - Slapshot by Andy Rogers.
0:36 of 1st period - Stopped by Michal Neuvirth without a rebound.
0:37 of 1st period - Ryan Craig wins face-off versus Curtis Brown in Blackdemons zone.
1:09 of 1st period - Trevor Letowski is hit by Janne Niskala and loses puck.
1:24 of 1st period - Slapshot by Janne Niskala.
1:24 of 1st period - Shot Misses the Net.
1:32 of 1st period - Wrist shot by Sam Gagner.
1:32 of 1st period - Goal by Sam Gagner - Demolitions : 0 - Blackdemons : 1.
1:33 of 1st period - Curtis Brown wins face-off versus Brad Richardson in neutral zone.
1:36 of 1st period - Slapshot by Enver Lisin.
1:36 of 1st period - Stopped by Antero Niittymaki with a rebound.
2:03 of 1st period - Snap shot by Tomas Kopecky.
2:03 of 1st period - Shot Misses the Net.
2:05 of 1st period - Backhand shot by Michael Peca.
2:05 of 1st period - Shot Misses the Net.
2:07 of 1st period - Snap shot by Michael Peca.
2:07 of 1st period - Shot Misses the Net.
2:09 of 1st period - Slapshot by Bobby Sanguinetti.
2:09 of 1st period - Shot Blocked by Janne Niskala.
3:09 of 1st period - Snap shot by Curtis Brown.
3:09 of 1st period - Shot Misses the Net.
3:11 of 1st period - Snap shot by Enver Lisin.
3:11 of 1st period - Stopped by Antero Niittymaki without a rebound.
3:12 of 1st period - Michael Peca wins face-off versus Ryan Craig in Demolitions zone.
4:35 of 1st period - Petr Vrana is hit by Michael Peca and loses puck.
5:27 of 1st period - Off-side.
5:28 of 1st period - Jeremy Williams wins face-off versus Michael Peca in neutral zone.
5:40 of 1st period - Wrist shot by Petr Vrana.
5:40 of 1st period - Stopped by Michal Neuvirth with a rebound.
5:42 of 1st period - Slapshot by Dennis Seidenberg.
5:42 of 1st period - Deflect By Mathieu Biron.
5:42 of 1st period - Stopped by Michal Neuvirth with a rebound.
5:44 of 1st period - Snap shot by Jeremy Williams.
5:44 of 1st period - Stopped by Michal Neuvirth with a rebound.
7:43 of 1st period - Michael Peca is hit by Nikolai Zherdev and loses puck.
7:52 of 1st period - Slapshot by Nikolai Zherdev.
7:52 of 1st period - Stopped by Michal Neuvirth with a rebound.
7:54 of 1st period - Wrist shot by Nikolai Zherdev.
7:54 of 1st period - Stopped by Michal Neuvirth without a rebound.
7:55 of 1st period - Curtis Brown wins face-off versus Masi Marjamaki in Blackdemons zone.
8:12 of 1st period - Icing by Anton Babchuk.
8:13 of 1st period - Nicolas Blanchard wins face-off versus Michael Peca in Demolitions zone.
8:50 of 1st period - Snap shot by Masi Marjamaki.
8:50 of 1st period - Stopped by Michal Neuvirth without a rebound.
8:51 of 1st period - Brad Richardson wins face-off versus Michael Peca in Blackdemons zone.
10:17 of 1st period - Slapshot by Matt Moulson.
10:17 of 1st period - Shot Misses the Net.
10:43 of 1st period - Snap shot by Jeremy Williams.
10:43 of 1st period - Shot Blocked by Radoslav Suchy.
10:45 of 1st period - Slapshot by Jeremy Williams.
10:45 of 1st period - Stopped by Michal Neuvirth without a rebound.
10:46 of 1st period - Zack Hamill wins face-off versus James Sheppard in Blackdemons zone.
10:46 of 1st period - Zack Hamill is hit by Dennis Seidenberg.
11:00 of 1st period - Wrist shot by Trevor Letowski.
11:00 of 1st period - Stopped by Antero Niittymaki with a rebound.
11:55 of 1st period - Wrist shot by James Neal.
11:55 of 1st period - Stopped by Antero Niittymaki with a rebound.
11:57 of 1st period - Slapshot by Sam Gagner.
11:57 of 1st period - Deflect By James Neal.
11:57 of 1st period - Shot Misses the Net.
11:57 of 1st period - Puck is out of play.
11:58 of 1st period - Nicolas Blanchard wins face-off versus Sam Gagner in Demolitions zone.
12:23 of 1st period - Nikita Nikitin is hit by Anton Babchuk.
12:33 of 1st period - Snap shot by Nikolai Zherdev.
12:33 of 1st period - Shot Blocked by Tomas Kopecky.
12:35 of 1st period - Wrist shot by Dennis Seidenberg.
12:35 of 1st period - Stopped by Michal Neuvirth with a rebound.
12:49 of 1st period - Snap shot by Curtis Brown.
12:49 of 1st period - Goal by Curtis Brown - Demolitions : 0 - Blackdemons : 2.
12:50 of 1st period - Michael Peca wins face-off versus Brad Richardson in neutral zone.
12:55 of 1st period - Wrist shot by Matt Moulson.
12:55 of 1st period - Goal by Matt Moulson - Demolitions : 0 - Blackdemons : 3.
12:56 of 1st period - Brad Richardson wins face-off versus Matt Moulson in neutral zone.
13:05 of 1st period - Snap shot by Nikolai Zherdev.
13:05 of 1st period - Shot Misses the Net.
13:07 of 1st period - Slapshot by Janne Niskala.
13:07 of 1st period - Stopped by Michal Neuvirth with a rebound.
13:29 of 1st period - Slapshot by Vladimir Mihalik.
13:29 of 1st period - Shot Blocked by Mathieu Biron.
13:31 of 1st period - Slapshot by Taylor Chorney.
13:31 of 1st period - Shot Misses the Net.
13:33 of 1st period - Wrist shot by Brandon Bochenski.
13:33 of 1st period - Deflect By James Sheppard.
13:33 of 1st period - Shot Blocked by Mathieu Biron.
13:33 of 1st period - Puck is out of play.
13:34 of 1st period - Brad Richardson wins face-off versus Curtis Brown in Blackdemons zone.
13:35 of 1st period - Snap shot by Nikolai Zherdev.
13:35 of 1st period - Stopped by Michal Neuvirth with a rebound.
13:43 of 1st period - Wrist shot by Curtis Brown.
13:43 of 1st period - Stopped by Antero Niittymaki with a rebound.
13:45 of 1st period - Snap shot by Curtis Brown.
13:45 of 1st period - Shot Misses the Net.
13:49 of 1st period - Slapshot by Steve Konowalchuk.
13:49 of 1st period - Shot Misses the Net.
13:50 of 1st period - Minor Penalty to Dennis Seidenberg for Roughing.
13:51 of 1st period - Matt Moulson wins face-off versus Nikolai Zherdev in Demolitions zone.
15:21 of 1st period - Steve Konowalchuk is hit by Masi Marjamaki and loses puck.
15:50 of 1st period - Penalty to Dennis Seidenberg is over, Dennis Seidenberg is back on ice.
16:18 of 1st period - Wrist shot by Nikolai Zherdev.
16:18 of 1st period - Shot Misses the Net.
16:20 of 1st period - Slapshot by Anton Babchuk.
16:20 of 1st period - Stopped by Michal Neuvirth without a rebound.
16:21 of 1st period - James Sheppard wins face-off versus Zack Hamill in Blackdemons zone.
16:46 of 1st period - Backhand shot by Michael Peca.
16:46 of 1st period - Shot Misses the Net.
16:48 of 1st period - Slapshot by Matt Moulson.
16:48 of 1st period - Shot Misses the Net.
17:00 of 1st period - Snap shot by Steve Konowalchuk.
17:00 of 1st period - Stopped by Antero Niittymaki with a rebound.
17:32 of 1st period - Snap shot by Jeremy Williams.
17:32 of 1st period - Stopped by Michal Neuvirth with a rebound.
17:54 of 1st period - Radoslav Suchy is hit by Janne Niskala and loses puck.
18:31 of 1st period - Slapshot by Sam Gagner.
18:31 of 1st period - Shot Blocked by Marco Sturm.
18:49 of 1st period - Snap shot by Trevor Letowski.
18:49 of 1st period - Goal by Trevor Letowski - Demolitions : 0 - Blackdemons : 4.
18:49 of 1st period - Sergei Bobrovsky enters game.
18:50 of 1st period - Brad Richardson wins face-off versus Michael Peca in neutral zone.
19:00 of 1st period - Peter Harrold and Anton Babchuk fight to a draw.
19:00 of 1st period - Penalty to Peter Harrold for Fighting.
19:00 of 1st period - Penalty to Anton Babchuk for Fighting.
19:01 of 1st period - Michael Peca wins face-off versus Brad Richardson in Demolitions zone.
19:14 of 1st period - Snap shot by Tomas Kopecky.
19:14 of 1st period - Stopped by Sergei Bobrovsky with a rebound.
19:21 of 1st period - Minor Penalty to Mathieu Biron for Hooking.
19:21 of 1st period - Minor Penalty to Petr Vrana for Roughing.
19:22 of 1st period - Matt Moulson wins face-off versus Nikolai Zherdev in Blackdemons zone.
19:27 of 1st period - Snap shot by Matt Moulson.
19:27 of 1st period - Shot Misses the Net.
19:33 of 1st period - Slapshot by Dennis Seidenberg.
19:33 of 1st period - Stopped by Michal Neuvirth with a rebound.
19:35 of 1st period - Wrist shot by Nikolai Zherdev.
19:35 of 1st period - Deflect By Jeremy Williams.
19:35 of 1st period - Shot Misses the Net.
19:35 of 1st period - Puck is out of play.
19:36 of 1st period - Matt Moulson wins face-off versus Nikolai Zherdev in Blackdemons zone.
2nd period
0:01 of 2nd period - Nikolai Zherdev wins face-off versus Matt Moulson in neutral zone.
0:12 of 2nd period - Wrist shot by Michael Peca.
0:12 of 2nd period - Stopped by Sergei Bobrovsky with a rebound.
0:14 of 2nd period - Snap shot by Matt Moulson.
0:14 of 2nd period - Stopped by Sergei Bobrovsky with a rebound.
0:16 of 2nd period - Snap shot by Radoslav Suchy.
0:16 of 2nd period - Shot Misses the Net.
1:18 of 2nd period - Off-side.
1:19 of 2nd period - Todd Fedoruk wins face-off versus Nikolai Zherdev in neutral zone.
1:21 of 2nd period - Penalty to Mathieu Biron is over, Mathieu Biron is back on ice.
1:21 of 2nd period - Penalty to Petr Vrana is over, Petr Vrana is back on ice.
1:31 of 2nd period - Wrist shot by Anthony Stewart.
1:31 of 2nd period - Stopped by Michal Neuvirth with a rebound.
1:33 of 2nd period - Snap shot by Anthony Stewart.
1:33 of 2nd period - Shot Misses the Net.
1:39 of 2nd period - Wrist shot by Petr Vrana.
1:39 of 2nd period - Shot Misses the Net.
1:41 of 2nd period - Snap shot by Nikolai Zherdev.
1:41 of 2nd period - Stopped by Michal Neuvirth with a rebound.
1:43 of 2nd period - Snap shot by Taylor Chorney.
1:43 of 2nd period - Stopped by Michal Neuvirth with a rebound.
1:45 of 2nd period - Snap shot by Petr Vrana.
1:45 of 2nd period - Shot Misses the Net.
1:47 of 2nd period - Wrist shot by Petr Vrana.
1:47 of 2nd period - Deflect By Anthony Stewart.
1:47 of 2nd period - Stopped by Michal Neuvirth without a rebound.
1:48 of 2nd period - Curtis Brown wins face-off versus James Sheppard in Blackdemons zone.
1:59 of 2nd period - Snap shot by Brandon Bochenski.
1:59 of 2nd period - Deflect By Robert Klinkhammer.
1:59 of 2nd period - Stopped by Michal Neuvirth with a rebound.
2:13 of 2nd period - Jeremy Williams is hit by Michael Peca and loses puck.
3:00 of 2nd period - Enver Lisin is hit by Marco Sturm and loses puck.
3:19 of 2nd period - Backhand shot by Brandon Bochenski.
3:19 of 2nd period - Goal by Brandon Bochenski - Demolitions : 1 - Blackdemons : 4.
3:20 of 2nd period - Brad Richardson wins face-off versus Michael Peca in neutral zone.
3:45 of 2nd period - Petr Vrana is hit by Curtis Brown and loses puck.
5:08 of 2nd period - Icing by Anton Babchuk.
5:09 of 2nd period - Curtis Brown wins face-off versus Ryan Craig in Demolitions zone.
5:25 of 2nd period - Wrist shot by Jeremy Williams.
5:25 of 2nd period - Stopped by Michal Neuvirth with a rebound.
6:20 of 2nd period - Snap shot by Petr Vrana.
6:20 of 2nd period - Stopped by Michal Neuvirth without a rebound.
6:21 of 2nd period - Ryan Craig wins face-off versus Sam Gagner in Blackdemons zone.
6:46 of 2nd period - Wrist shot by Michael Peca.
6:46 of 2nd period - Stopped by Sergei Bobrovsky without a rebound.
6:47 of 2nd period - Brad Richardson wins face-off versus Tomas Kopecky in Demolitions zone.
7:26 of 2nd period - Enver Lisin is hit by Jeremy Williams.
7:57 of 2nd period - Wrist shot by Brandon Bochenski.
7:57 of 2nd period - Shot Misses the Net.
7:59 of 2nd period - Slapshot by Andy Rogers.
7:59 of 2nd period - Stopped by Michal Neuvirth with a rebound.
8:01 of 2nd period - Slapshot by Andy Rogers.
8:01 of 2nd period - Stopped by Michal Neuvirth without a rebound.
8:02 of 2nd period - Michael Peca wins face-off versus James Sheppard in Blackdemons zone.
8:20 of 2nd period - Matt Moulson is hit by James Sheppard.
9:20 of 2nd period - Slapshot by Enver Lisin.
9:20 of 2nd period - Stopped by Sergei Bobrovsky without a rebound.
9:21 of 2nd period - Nikolai Zherdev wins face-off versus Matt Moulson in Demolitions zone.
10:10 of 2nd period - Wrist shot by Radoslav Suchy.
10:10 of 2nd period - Shot Blocked by Dennis Seidenberg.
10:12 of 2nd period - Snap shot by Sam Gagner.
10:12 of 2nd period - Shot Misses the Net.
12:40 of 2nd period - Wrist shot by Steve Konowalchuk.
12:40 of 2nd period - Shot Blocked by Dennis Seidenberg.
12:42 of 2nd period - Backhand shot by Jakub Kindl.
12:42 of 2nd period - Stopped by Sergei Bobrovsky with a rebound.
13:34 of 2nd period - Brad Richardson is hit by Curtis Brown and loses puck.
14:35 of 2nd period - Snap shot by Nikolai Zherdev.
14:35 of 2nd period - Stopped by Michal Neuvirth with a rebound.
14:51 of 2nd period - Radoslav Suchy is hit by Masi Marjamaki and loses puck.
15:17 of 2nd period - Off-side.
15:18 of 2nd period - Brad Richardson wins face-off versus Curtis Brown in neutral zone.
16:02 of 2nd period - Slapshot by Anthony Stewart.
16:02 of 2nd period - Stopped by Michal Neuvirth with a rebound.
16:22 of 2nd period - Mike Duco is hit by Andy Rogers and loses puck.
16:31 of 2nd period - Snap shot by Sam Gagner.
16:31 of 2nd period - Stopped by Sergei Bobrovsky with a rebound.
16:45 of 2nd period - Brad Richardson is hit by Enver Lisin and loses puck.
17:16 of 2nd period - Anton Babchuk is hit by Radoslav Suchy and loses puck.
17:31 of 2nd period - Slapshot by Zack Hamill.
17:31 of 2nd period - Shot Blocked by Anton Babchuk.
18:23 of 2nd period - Wrist shot by Brad Richardson.
18:23 of 2nd period - Shot Misses the Net.
18:37 of 2nd period - Slapshot by Ryan Craig.
18:37 of 2nd period - Stopped by Michal Neuvirth with a rebound.
18:51 of 2nd period - Wrist shot by Todd Fedoruk.
18:51 of 2nd period - Stopped by Sergei Bobrovsky with a rebound.
18:53 of 2nd period - Slapshot by Zack Hamill.
18:53 of 2nd period - Stopped by Sergei Bobrovsky without a rebound.
18:54 of 2nd period - Michael Peca wins face-off versus Brad Richardson in Demolitions zone.
19:01 of 2nd period - Snap shot by Matt Moulson.
19:01 of 2nd period - Shot Blocked by Marco Sturm.
19:03 of 2nd period - Wrist shot by Michael Peca.
19:03 of 2nd period - Deflect By Matt Moulson.
19:03 of 2nd period - Shot Hit the Post.
19:03 of 2nd period - Puck is out of play.
19:04 of 2nd period - Nikolai Zherdev wins face-off versus Tomas Kopecky in Demolitions zone.
19:04 of 2nd period - Nikolai Zherdev is hit by Matt Moulson.
19:34 of 2nd period - Wrist shot by Michael Peca.
19:34 of 2nd period - Goal by Michael Peca - Demolitions : 1 - Blackdemons : 5.
19:35 of 2nd period - Michael Peca wins face-off versus Brad Richardson in neutral zone.
19:47 of 2nd period - Snap shot by Brad Richardson.
19:47 of 2nd period - Shot Misses the Net.
3rd period
0:01 of 3rd period - Brad Richardson wins face-off versus Michael Peca in neutral zone.
0:04 of 3rd period - Slapshot by Janne Niskala.
0:04 of 3rd period - Stopped by Michal Neuvirth with a rebound.
0:10 of 3rd period - Wrist shot by Marco Sturm.
0:10 of 3rd period - Shot Blocked by Michael Peca.
0:12 of 3rd period - Slapshot by Janne Niskala.
0:12 of 3rd period - Shot Blocked by Radoslav Suchy.
0:14 of 3rd period - Wrist shot by Nikolai Zherdev.
0:14 of 3rd period - Shot Blocked by Michael Peca.
0:26 of 3rd period - Jeremy Williams is hit by Curtis Brown and loses puck.
1:09 of 3rd period - Wrist shot by Vladimir Mihalik.
1:09 of 3rd period - Shot Blocked by Nikita Nikitin.
1:15 of 3rd period - Snap shot by James Sheppard.
1:15 of 3rd period - Shot Misses the Net.
1:56 of 3rd period - Wrist shot by Steve Konowalchuk.
1:56 of 3rd period - Shot Blocked by Petr Vrana.
2:10 of 3rd period - Snap shot by Todd Fedoruk.
2:10 of 3rd period - Stopped by Sergei Bobrovsky without a rebound.
2:11 of 3rd period - Nicolas Blanchard wins face-off versus Zack Hamill in Demolitions zone.
2:11 of 3rd period - Nicolas Blanchard is hit by Todd Fedoruk.
2:17 of 3rd period - Wrist shot by Trevor Letowski.
2:17 of 3rd period - Shot Misses the Net.
2:21 of 3rd period - Wrist shot by Todd Fedoruk.
2:21 of 3rd period - Stopped by Sergei Bobrovsky without a rebound.
2:22 of 3rd period - Michael Peca wins face-off versus Brad Richardson in Demolitions zone.
2:32 of 3rd period - Radoslav Suchy beats up Anton Babchuk.
2:32 of 3rd period - Penalty to Radoslav Suchy for Fighting.
2:32 of 3rd period - Penalty to Anton Babchuk for Fighting.
2:33 of 3rd period - Michael Peca wins face-off versus Brad Richardson in Blackdemons zone.
2:46 of 3rd period - Wrist shot by Marco Sturm.
2:46 of 3rd period - Shot Hit the Post.
2:58 of 3rd period - Enver Lisin is hit by Dennis Seidenberg and loses puck.
3:05 of 3rd period - Snap shot by Jeremy Williams.
3:05 of 3rd period - Stopped by Michal Neuvirth without a rebound.
3:06 of 3rd period - Brad Richardson wins face-off versus Steve Konowalchuk in Blackdemons zone.
3:17 of 3rd period - Snap shot by Nikolai Zherdev.
3:17 of 3rd period - Stopped by Michal Neuvirth with a rebound.
3:41 of 3rd period - Snap shot by Ryan Craig.
3:41 of 3rd period - Deflect By Jeremy Williams.
3:41 of 3rd period - Shot Misses the Net.
3:41 of 3rd period - Puck is out of play.
3:42 of 3rd period - Curtis Brown wins face-off versus Brad Richardson in Blackdemons zone.
3:51 of 3rd period - Wrist shot by Steve Konowalchuk.
3:51 of 3rd period - Shot Misses the Net.
3:57 of 3rd period - Snap shot by Steve Konowalchuk.
3:57 of 3rd period - Shot Blocked by Janne Niskala.
4:07 of 3rd period - Dennis Seidenberg is hit by Michael Peca and loses puck.
4:14 of 3rd period - Snap shot by Tomas Kopecky.
4:14 of 3rd period - Stopped by Sergei Bobrovsky without a rebound.
4:15 of 3rd period - Ryan Craig wins face-off versus Steve Konowalchuk in Demolitions zone.
4:24 of 3rd period - Wrist shot by Jeremy Williams.
4:24 of 3rd period - Shot Blocked by Curtis Brown.
4:28 of 3rd period - Snap shot by Jeremy Williams.
4:28 of 3rd period - Shot Misses the Net.
4:30 of 3rd period - Snap shot by Vladimir Mihalik.
4:30 of 3rd period - Stopped by Michal Neuvirth without a rebound.
4:31 of 3rd period - Michael Peca wins face-off versus Brad Richardson in Blackdemons zone.
5:21 of 3rd period - Dennis Seidenberg is hit by Trevor Letowski and loses puck.
5:36 of 3rd period - Wrist shot by James Neal.
5:36 of 3rd period - Shot Misses the Net.
5:38 of 3rd period - Snap shot by Sam Gagner.
5:38 of 3rd period - Goal by Sam Gagner - Demolitions : 1 - Blackdemons : 6.
5:39 of 3rd period - Brad Richardson wins face-off versus Michael Peca in neutral zone.
6:31 of 3rd period - Snap shot by Zack Hamill.
6:31 of 3rd period - Stopped by Sergei Bobrovsky with a rebound.
6:33 of 3rd period - Slapshot by Karl Alzner.
6:33 of 3rd period - Stopped by Sergei Bobrovsky with a rebound.
6:53 of 3rd period - Backhand shot by Sam Gagner.
6:53 of 3rd period - Shot Misses the Net.
6:55 of 3rd period - Snap shot by Sam Gagner.
6:55 of 3rd period - Stopped by Sergei Bobrovsky without a rebound.
6:56 of 3rd period - Brad Richardson wins face-off versus Michael Peca in Demolitions zone.
7:51 of 3rd period - Wrist shot by Todd Fedoruk.
7:51 of 3rd period - Shot Blocked by Vladimir Mihalik.
8:07 of 3rd period - Wrist shot by Robert Klinkhammer.
8:07 of 3rd period - Stopped by Michal Neuvirth without a rebound.
8:08 of 3rd period - James Sheppard wins face-off versus Michael Peca in Blackdemons zone.
8:31 of 3rd period - Karl Alzner is hit by Robert Klinkhammer.
8:44 of 3rd period - Slapshot by Michael Peca.
8:44 of 3rd period - Shot Misses the Net.
8:46 of 3rd period - Wrist shot by Michael Peca.
8:46 of 3rd period - Stopped by Sergei Bobrovsky with a rebound.
8:48 of 3rd period - Snap shot by Matt Moulson.
8:48 of 3rd period - Shot Misses the Net.
8:50 of 3rd period - Snap shot by Peter Harrold.
8:50 of 3rd period - Shot Misses the Net.
9:15 of 3rd period - Wrist shot by Michael Peca.
9:15 of 3rd period - Shot Blocked by James Sheppard.
9:17 of 3rd period - Snap shot by Tomas Kopecky.
9:17 of 3rd period - Shot Misses the Net.
9:19 of 3rd period - Snap shot by Michael Peca.
9:19 of 3rd period - Shot Misses the Net.
9:21 of 3rd period - Slapshot by Bobby Sanguinetti.
9:21 of 3rd period - Shot Blocked by Janne Niskala.
9:23 of 3rd period - Wrist shot by Michael Peca.
9:23 of 3rd period - Stopped by Sergei Bobrovsky with a rebound.
9:25 of 3rd period - Wrist shot by Matt Moulson.
9:25 of 3rd period - Shot Misses the Net.
9:27 of 3rd period - Slapshot by Bobby Sanguinetti.
9:27 of 3rd period - Shot Misses the Net.
9:29 of 3rd period - Snap shot by Tomas Kopecky.
9:29 of 3rd period - Goal by Tomas Kopecky - Demolitions : 1 - Blackdemons : 7.
9:30 of 3rd period - Curtis Brown wins face-off versus Brad Richardson in neutral zone.
9:33 of 3rd period - Slapshot by Mathieu Biron.
9:33 of 3rd period - Stopped by Sergei Bobrovsky without a rebound.
9:34 of 3rd period - Curtis Brown wins face-off versus Brad Richardson in Demolitions zone.
9:34 of 3rd period - Minor Penalty to Nikolai Zherdev for Holding.
9:35 of 3rd period - Masi Marjamaki wins face-off versus Curtis Brown in Demolitions zone.
10:24 of 3rd period - Andy Rogers is hit by Jakub Kindl and loses puck.
10:39 of 3rd period - Wrist shot by Matt Moulson.
10:39 of 3rd period - Shot Misses the Net.
10:41 of 3rd period - Snap shot by Tomas Kopecky.
10:41 of 3rd period - Shot Blocked by Andy Rogers.
10:43 of 3rd period - Slapshot by Radoslav Suchy.
10:43 of 3rd period - Shot Blocked by Masi Marjamaki.
10:45 of 3rd period - Snap shot by Tomas Kopecky.
10:45 of 3rd period - Shot Misses the Net.
11:17 of 3rd period - Snap shot by Michael Peca.
11:17 of 3rd period - Shot Misses the Net.
11:19 of 3rd period - Backhand shot by Radoslav Suchy.
11:19 of 3rd period - Goal by Radoslav Suchy - Demolitions : 1 - Blackdemons : 8.
11:20 of 3rd period - Brad Richardson wins face-off versus Curtis Brown in neutral zone.
11:23 of 3rd period - Slapshot by Dennis Seidenberg.
11:23 of 3rd period - Stopped by Michal Neuvirth with a rebound.
11:25 of 3rd period - Wrist shot by Brad Richardson.
11:25 of 3rd period - Stopped by Michal Neuvirth without a rebound.
11:26 of 3rd period - Curtis Brown wins face-off versus Nikolai Zherdev in Blackdemons zone.
11:33 of 3rd period - Mathieu Biron is hit by Brad Richardson and loses puck.
12:32 of 3rd period - Dennis Seidenberg is hit by Jakub Kindl and loses puck.
12:45 of 3rd period - Snap shot by Dennis Seidenberg.
12:45 of 3rd period - Deflect By Petr Vrana.
12:45 of 3rd period - Shot Blocked by Zack Hamill.
12:45 of 3rd period - Puck is out of play.
12:46 of 3rd period - Zack Hamill wins face-off versus Ryan Craig in Blackdemons zone.
13:17 of 3rd period - Off-side.
13:18 of 3rd period - Michael Peca wins face-off versus Brad Richardson in neutral zone.
13:53 of 3rd period - Snap shot by Anthony Stewart.
13:53 of 3rd period - Shot Blocked by Mathieu Biron.
13:59 of 3rd period - Nicolas Blanchard is hit by Enver Lisin and loses puck.
14:34 of 3rd period - Snap shot by Jeremy Williams.
14:34 of 3rd period - Goal by Jeremy Williams - Demolitions : 2 - Blackdemons : 8.
14:35 of 3rd period - Tomas Kopecky wins face-off versus Brad Richardson in neutral zone.
14:35 of 3rd period - Mathieu Biron and Marco Sturm fight to a draw.
14:35 of 3rd period - Penalty to Mathieu Biron for Fighting.
14:35 of 3rd period - Penalty to Marco Sturm for Fighting.
14:36 of 3rd period - Brad Richardson wins face-off versus Michael Peca in neutral zone.
15:01 of 3rd period - Dennis Seidenberg is hit by Trevor Letowski and loses puck.
15:30 of 3rd period - Snap shot by Zack Hamill.
15:30 of 3rd period - Stopped by Sergei Bobrovsky with a rebound.
15:32 of 3rd period - Backhand shot by Todd Fedoruk.
15:32 of 3rd period - Stopped by Sergei Bobrovsky without a rebound.
15:33 of 3rd period - Ryan Craig wins face-off versus Michael Peca in Demolitions zone.
16:09 of 3rd period - Slapshot by Enver Lisin.
16:09 of 3rd period - Stopped by Sergei Bobrovsky with a rebound.
16:18 of 3rd period - Icing by Robert Klinkhammer.
16:19 of 3rd period - Masi Marjamaki wins face-off versus Mike Duco in Demolitions zone.
16:28 of 3rd period - Mike Duco is hit by Masi Marjamaki and loses puck.
16:34 of 3rd period - Minor Penalty to Nikita Nikitin for Hooking.
16:35 of 3rd period - Brad Richardson wins face-off versus Matt Moulson in Blackdemons zone.
16:36 of 3rd period - Wrist shot by Nikolai Zherdev.
16:36 of 3rd period - Deflect By Brad Richardson.
16:36 of 3rd period - Stopped by Michal Neuvirth without a rebound.
16:37 of 3rd period - Matt Moulson wins face-off versus Brad Richardson in Blackdemons zone.
16:37 of 3rd period - Matt Moulson is hit by Brad Richardson.
17:36 of 3rd period - James Neal is hit by Brad Richardson and loses puck.
18:02 of 3rd period - Karl Alzner is hit by Ryan Craig and loses puck.
18:34 of 3rd period - Penalty to Nikita Nikitin is over, Nikita Nikitin is back on ice.
18:47 of 3rd period - Slapshot by Jakub Kindl.
18:47 of 3rd period - Deflect By Curtis Brown.
18:47 of 3rd period - Stopped by Sergei Bobrovsky without a rebound.
18:48 of 3rd period - Curtis Brown wins face-off versus James Sheppard in Demolitions zone.
19:26 of 3rd period - Snap shot by Brandon Bochenski.
19:26 of 3rd period - Shot Misses the Net.
19:28 of 3rd period - Snap shot by Robert Klinkhammer.
19:28 of 3rd period - Stopped by Michal Neuvirth without a rebound.
19:29 of 3rd period - Brad Richardson wins face-off versus Curtis Brown in Blackdemons zone.
19:30 of 3rd period - Snap shot by Nikolai Zherdev.
19:30 of 3rd period - Goal by Nikolai Zherdev - Demolitions : 3 - Blackdemons : 8.
19:31 of 3rd period - Brad Richardson wins face-off versus Michael Peca in neutral zone.
Output by the SimonT Hockey Simulator (STHS) for François Prévost -- Original Page W3C XHTML 1.0 Valid